 Dungeon Crawl Stone Soup version 0.24-a0-479-g9a978d2894 (webtiles) character file.

Game seed: 18068676942500351048

55335 Inquire the Fighter (level 14, -5/116 HPs)
             Began as a Mummy Assassin on July 6, 2019.
             Was an Initiate of Gozag.
             Slain by Kirke the azure jelly (18 damage)
             ... on level 5 of the Lair of Beasts.
             The game lasted 01:19:28 (33979 turns).

Inquire the Fighter (Mummy Assassin)               Turns: 33979, Time: 01:19:29

Health: -5/116     AC: 13    Str: 23    XL:     14   Next: 37%
Magic:  28/28      EV: 16    Int: 16    God:    Gozag
Gold:   1811       SH:  0    Dex: 13    Spells: 9/13 levels left

rFire    . . .     SeeInvis .   l - +11 halberd "Beakypy" {freeze, *Rage +Blink rElec Str+6 Dex-3}
rCold    + . .     Gourm    .   (shield currently unavailable)
rNeg     + + +     Faith    .   x - +2 ring mail {rF+}
rPois    ∞         Spirit   .   y - +2 helmet of the Unbroken {+Blink rN+ Dex-2}
rElec    +         Reflect  .   m - scarf {repulsion}
rCorr    .         Harm     .   (no gloves)
MR       +....                  o - +0 pair of boots "Qufaoheq" {Str+2 Int+6}
Stlth    ++++......             (no amulet)
HPRegen  0.29/turn              r - +3 ring of slaying
MPRegen  0.21/turn              g - ring "Qooleg" {rElec rPois MP+9 Stlth+}

@: repel missiles
A: no food or potions, fire vulnerability, cold resistance 1, negative energy
resistance 3, torment resistance, unbreathing, in touch with death 1
a: Potion Petition, Call Merchant, Bribe Branch, Renounce Religion, Evoke Blink


You were on level 5 of the Lair of Beasts.
You worshipped Gozag.
Gozag was most pleased with you.
You were not hungry.

You visited 4 branches of the dungeon, and saw 21 of its levels.
You also visited: Ice Cave.

You collected 6347 gold pieces.
You spent 1508 gold pieces at shops.
You paid 3028 gold pieces to Gozag.

Inventory:

Hand Weapons
 a - a +2 dagger of venom
 i - a +2 rapier of draining
 l - the +11 halberd "Beakypy" (weapon) {freeze, *Rage +Blink rElec Str+6 Dex-3}
   (You found it on level 3 of the Lair of Beasts)

   It has been specially enchanted to freeze those struck by it, causing extra
   injury to most foes and up to half again as much damage against particularly
   susceptible opponents.
   It can also slow down cold-blooded creatures.
   It affects your strength (+6).
   It affects your dexterity (-3).
   It insulates you from electricity.
   It lets you blink.
   It may make you go berserk in combat.
 v - a +3 broad axe of draining
Missiles
 d - 13 poisoned darts (quivered)
 s - 202 arrows
Armour
 b - a +0 robe
 c - a +0 cloak
 m - a scarf of repulsion (worn)
 o - the +0 pair of boots "Qufaoheq" (worn) {Str+2 Int+6}
   (You bought it in a shop on level 1 of the Lair of Beasts)

   It affects your strength (+2).
   It affects your intelligence (+6).
 u - a +2 robe of magic resistance
 x - a +2 ring mail of fire resistance (worn)
 y - the +2 helmet of the Unbroken (worn) {+Blink rN+ Dex-2}
   (You bought it in a shop on level 9 of the Dungeon)

   It affects your dexterity (-2).
   It protects you from negative energy.
   It lets you blink.
Magical Staves
 w - an uncursed staff of earth
Jewellery
 g - the ring "Qooleg" (right hand) {rElec rPois MP+9 Stlth+}
   (You found it in an ice cave)

   [ring of magical power]

   It insulates you from electricity.
   It protects you from poison.
   It affects your magic capacity (+9).
   It makes you more stealthy.
 j - an uncursed ring of ice
 k - an uncursed ring of ice
 r - a +3 ring of slaying (left hand)
 A - an uncursed ring of magical power
 C - a +4 ring of dexterity
Wands
 q - a wand of polymorph (13)
Scrolls
 e - 6 scrolls of amnesia
 h - 9 scrolls of remove curse
 n - 2 scrolls of magic mapping
 p - 2 scrolls of fog


   Skills:
 * Level 12.9 Fighting
 - Level 9.8 Short Blades
 - Level 1.6 Polearms
 - Level 1.5 Throwing
 - Level 8.8 Armour
 - Level 8.9 Dodging
 * Level 8.6 Stealth
 - Level 7.1 Evocations


You had 9 spell levels left.
You knew the following spells:

 Your Spells              Type           Power        Failure   Level  Hunger
a - Confusing Touch       Hex            #.....       36%         1    N/A
b - Confuse               Hex            #.......     73%         3    N/A

Your spell library contained the following spells:

 Spells                   Type           Power        Failure   Level  Hunger
 Flame Tongue             Conj/Fire      #....        36%         1    N/A
 Throw Flame              Conj/Fire      #.....       50%         2    N/A
 Conjure Flame            Conj/Fire      #.......     73%         3    N/A
 Gell's Gravitas          Tloc           #.........   73%         3    N/A
 Inner Flame              Hex/Fire       #.......     73%         3    N/A
 Petrify                  Tmut/Erth      #.......     98%         4    N/A
 Sticky Flame             Conj/Fire      #.......     98%         4    N/A
 Fireball                 Conj/Fire      #.........   100%        5    N/A
 Metabolic Englaciation   Hex/Ice        #.........   100%        5    N/A
 Yara's Violent Unravell  Hex/Tmut       #.........   100%        5    N/A

Dungeon Overview and Level Annotations

Branches:
Dungeon (12/15)            Temple (1/1) D:6            Lair (6/6) D:10
  Swamp (0/4) Lair:4        Snake (0/4) Lair:4        Slime (0/5) Lair:6
    Orc (2/2) D:11
    Elf: Orc:2

Altars:
Ashenzari
Cheibriados
Dithmenos
Elyvilon
Fedhas
Gozag
Hepliaklqana
Kikubaaqudgha
Makhleb
Nemelex Xobeh
Okawaru
Qazlal
Ru
Sif Muna
Trog
Uskayaw
Vehumet
Wu Jian
Xom
Yredelemnul
Zin
The Shining One

Shops:
D:6 }   D:9 [}   D:11 (   Lair:1 *

Portals:
Trove: D:10 (give +4 fire dragon scales)

Annotations:
D:6 1 runed translucent door, Mrkan's ghost, novice TrHu
D:10 FIRE DRA
Lair:1 CAREFUL
Lair:3 Rupert
Lair:4 exclusion: oklob plant
Lair:5 Kirke


Innate Abilities, Weirdness & Mutations

You do not eat or drink.
Your flesh is vulnerable to fire.
You are immune to poison.
Your flesh is cold resistant. (rC+)
You are immune to negative energy. (rN+++)
You are immune to unholy pain and torment.
You can survive without breathing.
You are in touch with the powers of death.


Message History

You slash Kirke! You freeze Kirke.
Kirke is almost dead.
The hog bites the bush but does no damage. x2
Kirke hits you but does no damage. x4
The hog bites the bush but does no damage. x2
Attack whom?
Press: ? - help, Dir - move target cursor, f/p - Kirke
Aim: Kirke the azure jelly (almost dead)
You barely miss Kirke.
Kirke is almost dead.
Kirke hits you. Kirke freezes you!! You resist. Kirke hits you.
Kirke freezes you!! You resist.
* * * LOW HITPOINT WARNING * * *
Kirke hits you but does no damage. Kirke misses you.
The hog bites the bush.
The hog bites the bush but does no damage.
The hog bites the bush.
Kirke barely misses you. Kirke hits you.
* * * LOW HITPOINT WARNING * * *
Kirke freezes you!! You resist.
You die...
Your body crumbles into a pile of gold.

......##.#.......###.............
......#..........##.#............
...........#.....###.............
........####......##.............
.......P# ##.....P###...........#
......P## #P.....## ##.........##
........# ##P.....# ##........#
......#P# ##.P.#########.....###
#....#### ####@###.P..##...#...
..#..### ##J#.........#.#.#
####...## ##hh.............
.....P#.# #Ph.............
..#.P..#### ##..............
....#....P########...............
...#............###..............
..###...P.......###.............#
..# ###..........#............(##


You could see Kirke the azure jelly and 3 hogs.

Vanquished Creatures
  An ettin (Lair:5)
  Josephine (Orc:1)
  4 hydras
  A vault guard (D:10)
  Fannar (Lair:2)
  A two-headed ogre (D:8)
  2 ice dragons (IceCv)
  A centaur warrior (D:9)
  A lindwurm (D:11)
  A faun (Orc:1)
  A cyclops (D:11)
  5 black mambas
  20 elephants
  A guardian serpent (D:9)
  2 ice statues (IceCv)
  16 spiny frogs
  A gargoyle (D:11)
  7 rime drakes
  7 komodo dragons
  An efreet (D:11)
  A queen bee (Lair:3)
  A hornet (Lair:3)
  2 polar bears
  6 trolls
  A merfolk (D:10)
  12 blink frogs
  3 hippogriffs
  3 wraiths (Orc:1)
  33 yaks
  A spriggan (D:10)
  6 wyverns
  A basilisk (Lair:4)
  A hungry ghost (D:9)
  A steam dragon (D:11)
  7 wargs
  A naga (Lair:4)
  12 porcupines
  2 swamp worms (Lair:4)
  11 water moccasins
  A phantom (D:11)
  16 orc warriors
  6 sky beasts
  2 black bears
  27 ice beasts
  4 ogres
  2 eyes of draining (D:9)
  14 wolves
  3 centaurs
  7 crocodiles
  4 big kobolds
  12 bullfrogs
  A wyvern skeleton (D:6)
  2 scorpions
  29 killer bees
  5 wights
  2 howler monkeys (D:7)
  8 crimson imps
  15 orc wizards
  4 hounds
  12 orc priests
  A bullfrog zombie (D:7)
  3 centaur zombies
  4 iguanas
  An iron imp (D:5)
  2 centaur skeletons
  8 worker ants
  A bullfrog simulacrum (D:11)
  A hound zombie (D:5)
  A hound skeleton (D:6)
  2 worker ant zombies (D:6)
  9 adders
  A gnoll (D:9)
  3 shadow imps
  3 oozes
  An adder zombie (D:8)
  5 worms
  6 leopard geckos
  72 orcs
  3 giant cockroaches
  5 goblins
  2 hobgoblins
  10 jackals
  2 quokkas
  3 ball pythons
  9 bats
  6 frilled lizards
  24 kobolds
  2 quokka skeletons
  16 rats
562 creatures vanquished.

Vanquished Creatures (collateral kills)
  A hippogriff (D:8)
  An orc warrior (D:8)
  A wight (D:6)
  An orc priest (D:8)
  A jelly (D:8)
  Ijyb (D:5)
  7 orcs
13 creatures vanquished.

Vanquished Creatures (others)
  An orc warrior (D:8)
  A hornet zombie (D:11)
  A centaur (D:5)
  4 orcs
  A bat (D:2)
  20 fungi
  10 plants
38 creatures vanquished.

Grand Total: 613 creatures vanquished

Notes
Turn   | Place    | Note
-------+----------+-------------------------------------------
     0 | D:1      | Inquire the Mummy Assassin began the quest for the Orb.
     0 | D:1      | Reached XP level 1. HP: 16/16 MP: 1/1
   377 | D:1      | Reached XP level 2. HP: 13/23 MP: 2/2
  1384 | D:1      | Reached XP level 3. HP: 28/28 MP: 3/3
  1542 | D:2      | Reached skill level 3 in Fighting
  2413 | D:2      | Reached XP level 4. HP: 34/35 MP: 4/4
  3609 | D:4      | Noticed an ogre
  3637 | D:4      | Killed an ogre
  3637 | D:4      | Reached skill level 4 in Fighting
  3637 | D:4      | Reached XP level 5. HP: 42/42 MP: 5/5
  3701 | D:5      | Entered Level 5 of the Dungeon
  4514 | D:4      | Reached XP level 6. HP: 48/48 MP: 6/6
  4625 | D:5      | Noticed a sky beast
  4658 | D:5      | Noticed a sky beast
  4719 | D:5      | Noticed an ice beast
  4742 | D:5      | Killed an ice beast
  5223 | D:5      | Reached skill level 1 in Evocations
  5845 | D:6      | Found Buraec's Gadget Shop.
  5877 | D:5      | Reached XP level 7. HP: 31/55 MP: 8/8
  6047 | D:5      | Reached skill level 5 in Fighting
  6323 | D:5      | Noticed Ijyb
  6351 | D:5      | Killed Ijyb
  7132 | D:6      | Reached XP level 8. HP: 56/64 MP: 10/10
  7178 | D:6      | Reached skill level 6 in Fighting
  7236 | D:6      | Reached skill level 5 in Short Blades
  7419 | D:6      | Learned a level 1 spell: Confusing Touch
  7423 | D:6      | Learned a level 3 spell: Confuse
  7753 | D:6      | Found a staircase to the Ecumenical Temple.
  7797 | Temple   | Entered the Ecumenical Temple
  7998 | Temple   | Became a worshipper of Gozag Ym Sagoz the Greedy
  8772 | D:7      | Found an iron altar of Okawaru.
  9189 | D:7      | Found a shimmering altar of Xom.
  9686 | D:8      | Noticed a two-headed ogre
  9721 | D:8      | Killed a two-headed ogre
  9721 | D:8      | Reached XP level 9. HP: 69/69 MP: 11/11
  9866 | D:8      | Reached skill level 1 in Dodging
  9928 | D:8      | Reached skill level 1 in Armour
 10651 | D:8      | Killed an orc warrior
 10982 | D:8      | Reached XP level 10. HP: 75/77 MP: 12/12
 11324 | D:6      | Found a runed translucent door.
 11334 | D:6      | Noticed Mrkan's ghost (novice TrHu)
 11790 | D:9      | Found Daotol's Gadget Boutique.
 11809 | D:9      | Noticed a centaur warrior
 12340 | D:9      | Noticed a guardian serpent
 12683 | D:9      | Found a bloodstained altar of Trog.
 12693 | D:9      | Reached skill level 7 in Fighting
 12978 | D:9      | Killed a guardian serpent
 13306 | D:9      | Bought a +2 ring mail of fire resistance for 315 gold
                  | pieces
 13518 | D:9      | Reached skill level 5 in Dodging
 13520 | D:9      | Killed a centaur warrior
 13520 | D:9      | Reached skill level 5 in Armour
 13737 | D:10     | Entered Level 10 of the Dungeon
 13818 | D:10     | Noticed a vault guard
 13851 | D:10     | Killed a vault guard
 13888 | D:10     | Found a portal to a secret trove of treasure.
 14280 | D:10     | Reached XP level 11. HP: 86/86 MP: 13/13
 14348 | D:10     | Reached skill level 8 in Fighting
 14789 | D:10     | Found a staircase to the Lair.
 15369 | D:9      | Bought the +2 helmet of the Unbroken {+Blink rN+ Dex-2} for
                  | 427 gold pieces
 15536 | D:11     | Noticed a four-headed hydra
 15557 | D:11     | Killed a four-headed hydra
 15767 | D:11     | Found a large runed translucent door.
 15818 | D:11     | Found a staircase to the Orcish Mines.
 15877 | Lair:1   | Entered Level 1 of the Lair of Beasts
 16279 | Lair:1   | Found a frozen archway.
 16302 | IceCv    | Entered an ice cave
 16456 | IceCv    | Reached skill level 5 in Evocations
 16697 | IceCv    | Reached skill level 9 in Fighting
 17728 | IceCv    | Noticed an ice dragon
 17808 | IceCv    | Noticed an ice dragon
 17854 | IceCv    | Killed an ice dragon
 17864 | IceCv    | Killed an ice dragon
 17873 | IceCv    | Got a wavering amber ring
 17931 | IceCv    | Identified the ring "Qooleg" {rElec rPois MP+9 Stlth+} (You
                  | found it in an ice cave)
 18249 | Lair:1   | Bought a pair of distressingly furry boots for 266 gold
                  | pieces
 18249 | Lair:1   | Bought a small tourmaline ring for 140 gold pieces
 18263 | Lair:1   | Identified the +0 pair of boots "Qufaoheq" {Str+2 Int+6}
                  | (You bought it in a shop on level 1 of the Lair of Beasts)
 18457 | Lair:1   | Reached XP level 12. HP: 89/97 MP: 17/17
 19631 | Lair:1   | Reached skill level 10 in Fighting
 20007 | Lair:1   | Reached skill level 5 in Stealth
 20493 | D:11     | Found a large runed translucent door.
 21451 | Lair:2   | Noticed Fannar
 22714 | Lair:2   | Killed Fannar
 23538 | Lair:3   | Gained mutation: You are in touch with the powers of death.
                  | [Mummy growth]
 23538 | Lair:3   | Reached XP level 13. HP: 91/104 MP: 18/18
 23973 | Lair:3   | Identified the +11 halberd "Beakypy" {freeze, *Rage +Blink
                  | rElec Str+6 Dex-3} (You found it on level 3 of the Lair of
                  | Beasts)
 24308 | Lair:3   | Reached skill level 1 in Polearms
 25240 | Lair:3   | Noticed Rupert
 25304 | Lair:4   | Reached skill level 11 in Fighting
 25882 | Lair:4   | Got a faintly glowing hand axe
 25883 | Lair:4   | Identified the +5 hand axe of Salt {freeze, +Blink +Fly
                  | rElec rF-} (You found it on level 4 of the Lair of Beasts)
 26206 | Lair:4   | Found a staircase to the Snake Pit.
 26306 | Lair:4   | Found a staircase to the Swamp.
 27785 | Lair:5   | Noticed Kirke
 27800 | Lair:6   | Entered Level 6 of the Lair of Beasts
 27832 | Lair:5   | Reached skill level 12 in Fighting
 28764 | D:11     | Reached XP level 14. HP: 115/115 MP: 19/19
 29213 | D:11     | Found a hazy altar of Hepliaklqana.
 29356 | Orc:1    | Entered Level 1 of the Orcish Mines
 29726 | D:11     | Bought a fine rapier for 360 gold pieces
 30183 | Orc:1    | Found a shimmering altar of Xom.
 31191 | Orc:1    | Noticed Josephine
 31330 | Orc:1    | Killed Josephine
 31668 | Orc:2    | Entered Level 2 of the Orcish Mines
 33960 | Lair:5   | Noticed Kirke
 33960 | Lair:5   | Kirke changed into Kirke the azure jelly
 33979 | Lair:5   | Slain by Kirke the azure jelly

Levels and vault maps discovered:
D:1:      onia_arrival_mini_maze, layout_rooms, kennysheep_pointless_box
D:2:      wander_river, layout_basic, first_ration, lemuel_flame_loot_1
D:3:      layout_loops_ring, minmay_fractal_squares_gapless_5
D:4:      layout_basic
D:5:      layout_basic, serial_corexii_hall, corexii_hall_statues_t,
          corexii_hall_statues_i, minmay_misc_feat_tower,
          minmay_stone_trees_small, uniq_ijyb
D:6:      layout_cave_pools, minmay_temple_entry_hall,
          ebering_ghost_reflecting_pool, serial_shops, nicolae_shop_statue_plus
D:7:      layout_basic, basic_altar, lemuel_tele_altar
D:8:      layout_basic, special_room [special_room_orc], lemuel_another_geyser
D:9:      layout_roguey, trog_eyes_of_draining, serial_shops, shop,
          nrook_guardian_serpent_double
D:10:     layout_stronghold, david_lair_shrubbed, enter_trove_5
D:11:     layout_loops_ring, david_orc_2, hangedman_stone_soup, minivault_25,
          jmf_multi_god_temple2
D:12:     layout_rooms, ashenzari_altar_1, uniq_nessos
Temple:   minmay_crystal_snake_temple
Lair:1:   layout_regular_city, portal_ice_cave_entry_ice_beasts, nzn_random_ring
Lair:2:   layout_gridlike, uniq_fannar
Lair:3:   layout_layer_cave, special_room [special_room_bee],
          nicolae_quartered_pool_super, cheibrodos_lair_reptile_den, uniq_rupert
Lair:4:   layout_big_grid, minmay_swamp_entry_worms,
          guppyfry_snake_entry_garden, columned_hall_lemuel, grunt_megastairs_5,
          minmay_lair_oklob_chamber
Lair:5:   layout_cave_pods, beast_lair_carwin_11, uniq_kirke
Lair:6:   grunt_lair_end_beastmaster, layout_gridlike, slime_dummy, basic_altar
Orc:1:    nicolae_orc_accident_3, layout_diamond_mine, basic_altar,
          nicolae_orc_bridge_out, nicolae_orc_rockfall, uniq_josephine
Orc:2:    st_orc_town, layout_caves

Skill      XL: |  1  2  3  4  5  6  7  8  9 10 11 12 13 14 |
---------------+-------------------------------------------+-----
Short Blades   | 2 3 4 8 9 |  9.8
Fighting       | 3 4 5 6 7 9 10 12 | 12.9
Stealth        | 4 7 8 |  8.6
Evocations     | 1 3 7 |  7.1
Dodging        | 3 6 7 8 |  8.9
Armour         | 3 5 6 7 8 |  8.8
Polearms       | 1 |  1.6
Throwing       | |  1.5

Action                   |  1- 3 |  4- 6 |  7- 9 | 10-12 | 13-15 || total
-------------------------+-------+-------+-------+-------+-------++-------
Melee: Dagger            |   169 |   329 |   474 |   917 |     6 ||  1895
       Long sword        |       |       |    22 |    13 |       ||    35
       Rapier            |       |       |       |   227 |   733 ||   960
       Broad axe         |       |       |       |   121 |       ||   121
       Halberd           |       |       |       |       |   192 ||   192
 Fire: Shortbow          |       |     6 |       |       |       ||     6
Throw: Dart              |    38 |    47 |    67 |   111 |    73 ||   336
Invok: Call Merchant     |       |       |       |     2 |     1 ||     3
       Potion Petition   |       |       |       |     2 |     2 ||     4
 Abil: Evoke Blink       |       |       |       |     5 |    13 ||    18
Evoke: Wand              |       |    11 |    18 |    60 |    47 ||   136
       Phantom mirror    |       |       |       |     1 |       ||     1
  Use: Scroll            |     2 |     5 |     6 |    15 |     6 ||    34
 Stab: Sleeping          |     6 |     8 |     6 |    15 |     9 ||    44
       Paralysed         |       |     2 |       |       |       ||     2
       Distracted        |       |       |     2 |     5 |     5 ||    12
       Invisible         |       |       |       |     5 |       ||     5
Armor: Robe              |    71 |   113 |   125 |    13 |       ||   322
       Ring mail         |       |       |       |   334 |   331 ||   665
Dodge: Dodged            |   117 |   182 |   181 |   582 |   766 ||  1828
       Deflected         |       |       |       |       |    14 ||    14
       Rpst.: Long sword |       |       |     3 |     1 |       ||     4

Table legend:
 A = Non-vault XP
 B = Vault XP
 C = Vault XP percentage of total XP
 D = Non-vault monster count
 E = Vault monster count
 F = Vault count percentage of total count
                 A         B        C        D         E       F
            +---------+---------+-------+---------+---------+-------
      Total |   57496 |   21554 |  27.3 |     443 |     132 |  23.0
            +---------+---------+-------+---------+---------+-------
        D:1 |      50 |       0 |   0.0 |      33 |       0 |   0.0
        D:2 |      50 |       0 |   0.0 |      19 |       0 |   0.0
        D:3 |      86 |      10 |  10.4 |      23 |       5 |  17.9
        D:4 |     188 |       0 |   0.0 |       5 |       0 |   0.0
        D:5 |     909 |      30 |   3.2 |      24 |       1 |   4.0
        D:6 |    1013 |       0 |   0.0 |      33 |       0 |   0.0
        D:7 |     668 |       0 |   0.0 |      15 |       0 |   0.0
        D:8 |    2260 |     743 |  24.7 |      26 |      17 |  39.5
        D:9 |    2701 |     746 |  21.6 |      23 |       5 |  17.9
       D:10 |    2270 |    1893 |  45.5 |      24 |       5 |  17.2
       D:11 |    6684 |     456 |   6.4 |      36 |      10 |  21.7
       D:12 |     174 |       0 |   0.0 |       6 |       0 |   0.0
     Temple |       3 |       0 |   0.0 |       1 |       0 |   0.0
     Lair:1 |    4514 |    4282 |  48.7 |      24 |      21 |  46.7
     Lair:2 |    4377 |    1483 |  25.3 |      17 |       2 |  10.5
     Lair:3 |    6363 |    2032 |  24.2 |      24 |      24 |  50.0
     Lair:4 |    9051 |    1154 |  11.3 |      31 |       5 |  13.9
     Lair:5 |   13638 |     452 |   3.2 |      38 |       2 |   5.0
      Orc:1 |    2361 |    2492 |  51.3 |      39 |      11 |  22.0
      Orc:2 |     136 |     383 |  73.8 |       2 |       4 |  66.7
      IceCv |       0 |    5398 | 100.0 |       0 |      20 | 100.0
            +---------+---------+-------+---------+---------+-------
